 Dungeon Crawl Stone Soup version 0.19.5 (webtiles) character file.

631 Yousuki the Poker (level 7, -7/61 HPs)
             Began as a Minotaur Berserker on June 10, 2017.
             Was a Priest of Trog.
             Mangled by Pikel
             ... wielding a +2 whip of electrocution
              (17 damage)
             ... on level 4 of the Dungeon.
             The game lasted 00:17:09 (3135 turns).

Yousuki the Poker (Minotaur Berserker)              Turns: 3135, Time: 00:17:10

Health: -7/61      AC: 13    Str: 23    XL:     7   Next: 24%
Magic:  6/6        EV: 11    Int:  1    God:    Trog [***...]
Gold:   200        SH:  0    Dex: 10    Spells: 0 memorised, 6 levels left

rFire  + . .     SeeInvis .     m - +0 scythe
rCold  . . .     Gourm    .     d - +3 scale mail
rNeg   . . .     Faith    .     (shield currently unavailable)
rPois  .         Spirit   .     (helmet restricted)
rElec  .         Reflect  .     D - +2 cloak
rCorr  .         Harm     .     (no gloves)
MR     .....                    (no boots)
Stlth  ..........               (no amulet)
                                l - -3 ring of intelligence (curse)
                                y - ring of protection from fire

@: exhausted, slowed, very slow
A: retaliatory headbutt, horns 2
a: Berserk, Trog's Hand, Burn Spellbooks, Renounce Religion


You were on level 4 of the Dungeon.
You worshipped Trog.
Trog was most pleased with you.
You were not hungry.

You visited 1 branch of the dungeon, and saw 4 of its levels.

You collected 200 gold pieces.

Inventory:

Hand Weapons
 a - a +0 spear
 m - a +0 scythe (weapon)
 t - a +0 rapier
Armour
 b - a +0 animal skin
 d - a +3 scale mail (worn)
 D - a +2 cloak (worn)
Jewellery
 l - a cursed -3 ring of intelligence (right hand)
 y - a ring of protection from fire (left hand)
 E - an uncursed ring of ice
Wands
 r - a wand of slowing (29/48)
 x - a wand of disintegration (15/24)
 G - a wand of digging (5/24)
Scrolls
 c - a scroll of recharging {unknown}
 f - 2 scrolls of immolation {unknown}
 h - 4 scrolls of identify {unknown}
 i - a scroll of noise {unknown}
 j - a scroll of fear {unknown}
 k - 3 scrolls of blinking {unknown}
 u - a scroll of teleportation {unknown}
 v - a scroll of enchant weapon {unknown}
 z - a scroll of enchant armour {unknown}
Potions
 e - a potion of magic {unknown}
 g - a potion of ambrosia {unknown}
 o - 2 potions of might {unknown}
 p - 2 potions of curing {unknown}
 s - a potion of invisibility {unknown}
 w - 2 potions of flight {unknown}
 B - a potion of lignification {unknown}
 F - a potion of degeneration {unknown}
Comestibles
 n - a royal jelly
 q - a meat ration
 C - a slice of pizza


   Skills:
 + Level 5.6 Fighting
 + Level 7.5 Polearms
 + Level 4.8 Armour
 + Level 3.2 Dodging
 + Level 0.1 Stealth


You had 6 spell levels left.
You didn't know any spells.

Dungeon Overview and Level Annotations

Branches:
Dungeon (4/15)
 Temple: D:4-7

Altars:
Kikubaaqudgha

Annotations:
D:4 Pikel


Innate Abilities, Weirdness & Mutations

You reflexively headbutt those who attack you in melee.
You have a pair of horns on your head.


Message History

Pikel is almost dead.
Pikel misses you. The slave barely misses you. You furiously retaliate!
You headbutt the slave. The slave hits you but does no damage.
The slave misses you. The slave hits you but does no damage.
Pikel cracks his whip.
Pikel hits you but does no damage.
You are electrocuted!
The slave hits you but does no damage. x3; The slave barely misses you.
You furiously retaliate!
You headbutt the slave! Pikel closely misses you.
You barely miss Pikel.
Pikel is almost dead.
The slave hits you. The slave hits you!
* * * LOW HITPOINT WARNING * * *
The slave hits you but does no damage. The slave hits you.
* * * LOW HITPOINT WARNING * * *
Pikel barely misses you. The slave hits you.
* * * LOW HITPOINT WARNING * * *
The slave hits you but does no damage. The slave misses you.
You furiously retaliate!
You headbutt the slave! The slave closely misses you.
Pikel hits you but does no damage.
You are electrocuted!
You die...

.... #... .... #....
.... #.... #..# ##...#
#..##...# #.....# ..#
##.ppp## ..# #..K@p.#
##..# #..##..###...##
##..###..##....#####
#####..# ##...........#
#.##...# ##............
#......# ##............
###....###..##........#
##........####.[..###
##....##..## #....#


You could see Pikel and 4 slaves.

Vanquished Creatures
  Sigmund (D:2)
  The ghost of Azzok the Skirmisher, an amateur CeFi (D:4)
  An ice beast (D:3)
  An orc wizard (D:3)
  An orc priest (D:3)
  An iguana (D:3)
  Terence (D:2)
  A hound skeleton (D:4)
  2 adders (D:3)
  4 leopard geckos (D:2)
  7 orcs (D:3)
  2 ball pythons (D:4)
  5 bats
  A giant cockroach (D:2)
  4 goblins
  6 hobgoblins
  3 jackals (D:3)
  A quokka (D:3)
  3 frilled lizards
  12 kobolds
  A leopard gecko skeleton (D:4)
  39 rats
98 creatures vanquished.

Vanquished Creatures (others)
  A human (D:2)
1 creature vanquished.

Grand Total: 99 creatures vanquished

Notes
Turn   | Place    | Note
-------+----------+-------------------------------------------
     0 | D:1      | Yousuki the Minotaur Berserker began the quest for the Orb.
     0 | D:1      | Reached XP level 1. HP: 19/19 MP: 0/0
   289 | D:1      | Reached XP level 2. HP: 27/27 MP: 1/1
   650 | D:2      | Found a faded altar of an unknown god.
   661 | D:2      | Noticed Sigmund
   688 | D:2      | Killed Sigmund
   688 | D:2      | Reached skill level 5 in Fighting
   688 | D:2      | Reached skill level 5 in Polearms
   688 | D:2      | Reached XP level 3. HP: 10/36 MP: 2/2
   688 | D:2      | Reached XP level 4. HP: 12/42 MP: 3/3
   688 | D:2      | Reached XP level 5. HP: 14/48 MP: 4/4
  1341 | D:2      | Noticed Terence
  1350 | D:2      | Killed Terence
  1546 | D:2      | Found an ancient bone altar of Kikubaaqudgha.
  1547 | D:2      | Noticed a human
  1550 | D:2      | Killed a human
  2158 | D:3      | Noticed an ice beast
  2166 | D:3      | Killed an ice beast
  2166 | D:3      | Reached ** piety under Trog
  2166 | D:3      | Reached skill level 6 in Polearms
  2166 | D:3      | Reached XP level 6. HP: 45/56 MP: 5/5
  2584 | D:3      | Reached *** piety under Trog
  3118 | D:4      | Noticed Azzok's ghost (amateur CeFi)
  3119 | D:4      | Noticed Pikel
  3119 | D:4      | Noticed a slave
  3120 | D:4      | Noticed a slave
  3121 | D:4      | Noticed a slave
  3122 | D:4      | Noticed a slave
  3124 | D:4      | Killed Azzok's ghost
  3124 | D:4      | Reached skill level 7 in Polearms
  3124 | D:4      | Reached XP level 7. HP: 61/61 MP: 6/6
  3132 | D:4      | HP: 1/61 [Pikel/whip of electrocution (14)]
  3135 | D:4      | Mangled by Pikel

Skill      XL: |  1  2  3  4  5  6 |
---------------+-------------------+-----
Fighting       | 5 |  5.6
Polearms       | 5 6 7 |  7.5
Armour         | 3 4 |  4.8
Dodging        | 3 |  3.2
Stealth        | |  0.1

Action                   |  1- 3 |  4- 6 |  7- 9 || total
-------------------------+-------+-------+-------++-------
Melee: Spear             |    46 |       |       ||    46
       Headbutt          |     5 |    20 |     2 ||    27
       Scythe            |       |   180 |    10 ||   190
Invok: Berserk           |       |     2 |       ||     2
Evoke: Wand              |       |     2 |       ||     2
  Use: Potion            |       |       |     1 ||     1
  Eat: Bread ration      |       |     1 |       ||     1
       Meat ration       |       |     1 |       ||     1
Armor: Scale mail        |     9 |    79 |    28 ||   116
Dodge: Dodged            |     7 |   113 |    27 ||   147
